 Dungeon Crawl Stone Soup version 0.23-a0-261-g133332c (webtiles) character file.

302799 mhoghedin the Sharpshooter (level 21, -12/184 HPs)
             Began as a Kobold Fighter on Sept 24, 2018.
             Was a High Priest of Elyvilon.
             Mangled by a halberd of venom (17 damage)
             ... animated by a halazid warlock
             ... in the Desolation of Salt on Sept 29, 2018.
             The game lasted 02:25:24 (55482 turns).

mhoghedin the Sharpshooter (Kobold Fighter)        Turns: 55482, Time: 02:25:26

Health: -12/184    AC: 20    Str: 24    XL:     21   Next: 99%
Magic:  40/42      EV: 21    Int:  9    God:    Elyvilon [*****.]
Gold:   764        SH:  0    Dex: 16    Spells: 20/20 levels left

rFire    + . .     SeeInvis +   b - +8 arbalest (velocity)
rCold    + + .     Gourm    .   (shield currently unavailable)
rNeg     + . .     Faith    +   O - +2 chain mail of the Armoured One {*Drain rPois Regen+}
rPois    +         Spirit   .   p - -2 hat of the Alchemist {rElec rPois rF+ rC+ rN+ MR+ rMut rCorr}
rElec    +         Reflect  .   d - scarf {repulsion}
rCorr    +         Harm     .   v - +2 pair of gloves
rMut     +                      E - +2 pair of boots
MR       +++..                  M - amulet of faith {Faith, !P}
Stlth    ..........             G - ring "Reshrish" {rC+ Str+2 SInv}
HPRegen  0.80/turn              n - ring of protection from magic {MR+, !d}
MPRegen  0.28/turn

@: lethally poisoned (-12 -> -16), divinely vigorous, drained, repel missiles
A: small, rugged brown scales 1, carnivore, MP-powered wands
}: 2/15 runes: decaying, serpentine
a: Lesser Healing, Heal Other, Purification, Greater Healing, Divine Vigour,
Divine Protection, Renounce Religion


You were in the Desolation of Salt.
You worshipped Elyvilon.
Elyvilon was extremely pleased with you.
You were hungry.

You visited 8 branches of the dungeon, and saw 36 of its levels.
You also visited: Volcano and Desolation.

You collected 3764 gold pieces.
You spent 3000 gold pieces at shops.

Inventory:

Hand Weapons
 a - a +1 morningstar of freezing
   (You took it off a gargoyle in a volcano)
 b - a +8 arbalest of velocity (weapon)
   (You took it off an orc knight on level 14 of the Dungeon)
 l - a +2 triple crossbow of freezing
   (You found it on level 4 of the Lair of Beasts)
 Y - the +1 hand axe of the Gloaming {flame, MR+}
   (You found it on level 2 of the Snake Pit)

   It has been specially enchanted to burn those struck by it, causing extra
   injury to most foes and up to half again as much damage against particularly
   susceptible opponents.
   Big, fiery blades are also staple armaments of hydra-hunters.
   It affects your resistance to hostile enchantments.
Missiles
 A - 745 bolts (quivered)
 B - a throwing net {=f, !d}
Armour
 d - a scarf of repulsion (worn)
   (You found it on level 4 of the Dungeon)
 g - a scarf of resistance
   (You found it on level 4 of the Swamp)
 p - the -2 hat of the Alchemist (worn) {rElec rPois rF+ rC+ rN+ MR+ rMut rCorr}
   (You bought it in a shop on level 1 of the Orcish Mines)

   It protects you from fire.
   It protects you from cold.
   It insulates you from electricity.
   It protects you from poison.
   It protects you from negative energy.
   It affects your resistance to hostile enchantments.
   It provides partial protection from all sources of acid and corrosion.
   It protects you from mutation.
 v - a +2 pair of gloves (worn)
   (You found it on level 5 of the Dungeon)
 E - a +2 pair of boots (worn)
   (You found it on level 9 of the Dungeon)
 O - the +2 chain mail of the Armoured One (worn) {*Drain rPois Regen+}
   (You bought it in a shop on level 1 of the Orcish Mines)

   It protects you from poison.
   It increases your rate of regeneration.
   It causes draining when unequipped.
Magical Staves
 P - a cursed staff of energy {unknown}
   (You found it in the Desolation of Salt)
Jewellery
 n - a ring of protection from magic (right hand) {MR+, !d}
   (You found it on level 1 of the Dungeon)
 t - the ring of Luefaezo {rElec rF+ Str+3 SInv}
   (You took it off an ironbrand convoker in the Desolation of Salt)

   [ring of see invisible]

   It affects your strength (+3).
   It protects you from fire.
   It insulates you from electricity.
   It lets you see invisible.
 G - the ring "Reshrish" (left hand) {rC+ Str+2 SInv}
   (You found it in the Desolation of Salt)

   [ring of see invisible]

   It affects your strength (+2).
   It protects you from cold.
   It lets you see invisible.
 M - an amulet of faith (around neck) {Faith, !P}
   (You found it on level 3 of the Lair of Beasts)
Wands
 q - a wand of disintegration (27)
   (You took it off Joseph on level 8 of the Dungeon)
 y - a wand of digging (32)
   (You found it on level 5 of the Dungeon)
 z - a wand of flame (80)
   (You found it on level 6 of the Dungeon)
 F - a wand of polymorph (23)
   (You found it on level 5 of the Lair of Beasts)
 H - a wand of enslavement (2)
   (You found it on level 1 of the Lair of Beasts)
 K - a wand of paralysis (63)
   (You found it on level 3 of the Lair of Beasts)
 N - a wand of acid (3)
   (You found it on level 6 of the Lair of Beasts)
 S - a wand of iceblast (19)
   (You found it on level 11 of the Dungeon)
Scrolls
 o - 12 scrolls of remove curse
 w - 5 scrolls of enchant armour
 x - 9 scrolls of amnesia
 I - 2 scrolls of magic mapping {!r}
 J - a scroll of enchant weapon
 R - a scroll of fog
Potions
 e - 2 potions of mutation {!q}
 i - 3 potions of flight
 j - 11 potions of curing
 k - a potion of magic
 m - a potion of berserk rage {!q}
 r - 2 potions of lignification {!q}
 s - 4 potions of cancellation
 C - a potion of might
 D - 2 potions of ambrosia
 L - 9 potions of brilliance
 V - 2 potions of haste
Miscellaneous
 u - a fan of gales (inert)
   (You found it on level 15 of the Dungeon)
 Z - a lamp of fire
   (You found it on level 4 of the Snake Pit)
Comestibles
 f - 13 rations


   Skills:
 + Level 17.3(16.8) Fighting
 - Level 13.7(13.2) Maces & Flails
 + Level 19.5(19.0) Crossbows
 + Level 12.0(11.5) Armour
 + Level 15.8(15.3) Dodging
   Level 5.5(5.1) Shields
 + Level 15.3(14.8) Invocations
 - Level 6.7(6.3) Evocations


You had 20 spell levels left.
You didn't know any spells.
Your spell library contained the following spells:

 Spells                   Type           Power        Failure   Level  Hunger
 Animate Skeleton         Necr           N/A          90%         1    ##.....
 Apportation              Tloc           #.....       90%         1    ##.....
 Confusing Touch          Hex            #.....       90%         1    ##.....
 Flame Tongue             Conj/Fire      #....        90%         1    ##.....
 Pain                     Necr           #...         90%         1    ##.....
 Sandblast                Erth           #.....       90%         1    ##.....
 Summon Small Mammal      Summ           #...         90%         1    ##.....
 Blink                    Tloc           N/A          97%         2    ###....
 Passwall                 Tmut/Erth      #.......     97%         2    ###....
 Shroud of Golubria       Chrm/Tloc      #.........   97%         2    ###....
 Throw Flame              Conj/Fire      #.....       97%         2    ###....
 Confuse                  Hex            #.......     99%         3    ####...
 Conjure Flame            Conj/Fire      #.......     99%         3    ####...
 Gell's Gravitas          Tloc           #.........   99%         3    ####...
 Lesser Beckoning         Tloc           #.........   99%         3    ####...
 Mephitic Cloud           Conj/Pois/Air  #.......     99%         3    ####...
 Portal Projectile        Hex/Tloc       #.....       99%         3    ####...
 Regeneration             Chrm/Necr      #.........   99%         3    ####...
 Static Discharge         Conj/Air       #.......     99%         3    ####...
 Stone Arrow              Conj/Erth      #.....       99%         3    ####...
 Teleport Other           Tloc           #.......     99%         3    ####...
 Tukima's Dance           Hex            #.......     99%         3    ####...
 Vampiric Draining        Necr           #.........   99%         3    ####...
 Animate Dead             Necr           N/A          100%        4    #####..
 Force Lance              Conj/Tloc      #.......     100%        4    #####..
 Passage of Golubria      Tloc           N/A          100%        4    #####..
 Petrify                  Tmut/Erth      #.......     100%        4    #####..
 Fireball                 Conj/Fire      #.........   100%        5    ######.
 Lee's Rapid Deconstruct  Erth           #.........   100%        5    ######.
 Lightning Bolt           Conj/Air       #.........   100%        5    ######.
 Metabolic Englaciation   Hex/Ice        #.........   100%        5    ######.
 Yara's Violent Unravell  Hex/Tmut       #.........   100%        5    ######.
 Darkness                 Hex            #.........   100%        6    #######
 Spellforged Servitor     Conj/Summ      #.........   100%        7    #######
 Discord                  Hex            #.........   100%        8    #######
 Ignition                 Fire           #.........   100%        8    #######
 Shatter                  Erth           #.........   100%        9    #######
 Tornado                  Air            #.........   100%        9    #######


Dungeon Overview and Level Annotations

Branches:
Dungeon (15/15)            Temple (1/1) D:7            Lair (6/6) D:9
  Swamp (4/4) Lair:4        Snake (4/4) Lair:3        Slime (0/5) Lair:5
    Orc (2/2) D:12            Elf (1/3) Orc:2        Vaults (3/5) D:14
 Depths (0/5) D:15
  Crypt: Vaults:2-3

Altars:
Ashenzari
Dithmenos
Elyvilon
Fedhas
Gozag
Kikubaaqudgha
Makhleb
Nemelex Xobeh
Qazlal
Ru
Sif Muna
Uskayaw
Vehumet
Xom
Yredelemnul
Zin
The Shining One
Jiyva

Shops:
D:10 %(([[   D:12 %   D:13 *   Orc:1 [   Orc:2 =:**   Snake:3 =}}

Annotations:
D:9 3 runed doors, soark's ghost, novice DECj
Lair:5 1 runed door
Snake:1 exclusion: Roxanne, Roxanne


Innate Abilities, Weirdness & Mutations

You are small and have problems with some larger weapons.
You are carnivorous and can eat meat at any time.
You are partially covered in rugged brown scales. (AC +1, +3% HP)
You expend magic power (3 MP) to strengthen your wands.


Message History

Firing (i - inventory. (/) - cycle)
A - 749 bolts (quivered)
Aim: a peacekeeper (severely damaged, summoned)
You shoot a bolt. The bolt hits the peacekeeper.
The peacekeeper completely misses you.
The peacekeeper claws you but does no damage.
The battleaxe of electrocution hits you!!!
* * * LOW HITPOINT WARNING * * *
The peacekeeper bites you.
* * * LOW HITPOINT WARNING * * *
The peacekeeper barely misses you.
The halberd of venom hits you but does no damage.
You hear a roar!
You take 41 damage, and have 37/184 hp.
MASSIVE DAMAGE!!
Okay, then.
Unknown command.
Unknown command.
Okay, then.
Unknown command.
Unknown command.
Okay, then.
Unknown command.
A fierce wind blows from the fan.
The saltling and the battleaxe of electrocution are blown away by the wind.
The peacekeeper bites you!
* * * LOW HITPOINT WARNING * * *
The peacekeeper barely misses you.
The halberd of venom hits you from afar!
* * * LOW HITPOINT WARNING * * *
You are poisoned.
You take 22 damage, and have 15/184 hp.
You are healed.
You feel quite a bit more hungry.
You feel sick. The peacekeeper completely misses you.
The peacekeeper barely misses you.
The halberd of venom hits you from afar!!
* * * LOW HITPOINT WARNING * * *
The peacekeeper completely misses you.
The peacekeeper claws you but does no damage.
You regained 12 hp, and now have 27/184 hp.
You now have 40/42 mp.
You are healed.
You are feeling hungry.
You feel sick.
The halberd of venom hits you from afar!!
* * * LOW HITPOINT WARNING * * *
The peacekeeper bites you.
* * * LOW HITPOINT WARNING * * *
The peacekeeper completely misses you.
You regained 7 hp, and now have 34/184 hp.
You now have 38/42 mp.
Unknown command.
You feel much better.
You feel sick. The peacekeeper completely misses you.
The peacekeeper claws you but does no damage.
The halberd of venom hits you but does no damage.
The battleaxe of electrocution hits you!!!
* * * LOW HITPOINT WARNING * * *
The peacekeeper completely misses you. x2; The halberd of venom misses you.
You feel much better.
You feel sick. The peacekeeper misses you.
The peacekeeper claws you but does no damage.
The battleaxe of electrocution misses you.
The halberd of venom hits you but does no damage.
You regained 7 hp, and now have 41/184 hp.
You feel much better. The peacekeeper misses you. The peacekeeper claws you!
The peacekeeper bites you!
* * * LOW HITPOINT WARNING * * *
The peacekeeper barely misses you.
The halberd of venom hits you from afar!!
* * * LOW HITPOINT WARNING * * *
The battleaxe of electrocution closely misses you.
You take 10 damage, and have 31/184 hp.
Firing (i - inventory. (/) - cycle)
A - 748 bolts (quivered)
Aim: a battleaxe of electrocution (unusually strong, summoned)
You shoot a bolt.
The bolt barely misses the battleaxe of electrocution.
You feel sick. The peacekeeper completely misses you.
The peacekeeper barely misses you.
The halberd of venom hits you from afar.
* * * LOW HITPOINT WARNING * * *
You are more poisoned.
The battleaxe of electrocution misses you.
You take 7 damage, and have 24/184 hp.
Firing (i - inventory. (/) - cycle)
A - 747 bolts (quivered)
Aim: a peacekeeper (severely damaged, summoned)
You shoot a bolt.
The bolt hits the peacekeeper but does no damage.
You feel sick. The peacekeeper misses you.
The peacekeeper claws you but does no damage.
The halberd of venom hits you from afar!!
* * * LOW HITPOINT WARNING * * *
The peacekeeper misses you. The peacekeeper closely misses you.
The battleaxe of electrocution closely misses you.
You take 19 damage, and have 5/184 hp.
Firing (i - inventory. (/) - cycle)
A - 746 bolts (quivered)
Aim: a peacekeeper (severely damaged, summoned)
You shoot a bolt. The bolt hits the peacekeeper!!
You destroy the peacekeeper!
* * * LOW HITPOINT WARNING * * *
You feel sick.
The saltling no longer looks unusually strong.
The halberd of venom hits you from afar!
You die...

.............................
......................(......
...........................§..
.................§§.....§§...
..................§§§§§§§§8.# #
................)§§§.§§§§§..# L:
.........####..####).§§§§§..# .(
.........#..####..#§.)§.§§8.##=:#
.........#.....(@.#§8§.§§.§..#8L#
..#......##....(###8...p........§
.#........#..##()(88(.L.8....8..8
..........#..##8.(............§§§
.........##....8###8..........§§§
.........#.......)#............§§
.........#..####..#.§......##.#§§
...#.... #### ###..........§.§§
........ ..............§§


You could see 2 saltlings and 2 dancing weapons.

Vanquished Creatures
  Mara (Vaults:3)
  Vashnia (Snake:4)
  Asterion (Snake:4)
  A tentacled monstrosity (Vaults:1)
  A sphinx (Vaults:1)
  A thorn hunter (Swamp:4)
  A tengu reaver (D:14)
  Agnes (Snake:4)
  Kirke (Lair:4)
  A fire giant (D:14)
  7 nagarajas
  An orc warlord (Orc:1)
  8 vault wardens
  2 deep elf sorcerers (Vaults:2)
  A frost giant (Vaults:1)
  8 ironheart preservers
  2 stone giants
  Nessos (D:14)
  Azrael (Orc:2)
  A deep elf demonologist (Vaults:2)
  A deep elf annihilator (Vaults:2)
  3 crystal guardians (Desolation)
  2 deep elf death magi (Vaults:2)
  An ettin (D:14)
  5 ragged hierophants (Desolation)
  6 yaktaur captains
  A great orb of eyes (Vaults:2)
  15 naga warriors
  6 servants of whispers (Desolation)
  4 vault guards (D:14)
  2 ice dragons
  14 hydras
  7 peacekeepers (Desolation)
  11 two-headed ogres
  3 centaur warriors
  A ghost crab (Swamp:3)
  4 catoblepae
  A rakshasa (Vaults:1)
  3 death knights
  A dancing weapon (Orc:2)
  17 anacondas
  7 shambling mangroves
  7 death yaks (Lair:6)
  10 alligators
  7 ogre magi
  12 naga sharpshooters
  3 orc high priests (Orc:2)
  Sonja (Lair:1)
  2 shock serpents (Snake:4)
  4 deep elf knights
  6 salamander mystics
  A shadow wraith (Vaults:1)
  7 skeletal warriors
  An unseen horror (D:12)
  2 flayed ghosts
  6 sea snakes
  8 naga ritualists
  9 swamp dragons (Swamp:4)
  9 ironbrand convokers
  2 wizards (D:15)
  2 glowing orange brains (Vaults:1)
  4 lindwurms (Snake:4)
  A sphinx zombie (Vaults:2)
  4 phantasmal warriors
  A deep elf archer (Vaults:2)
  Pikel (D:4)
  The ghost of chorionicmirror the Carver, a novice DsGl of Makhleb (D:5)
  4 harpies (Vaults:2)
  3 necromancers
  8 deep elf magi
  11 salamanders
  14 orc knights
  8 ugly things
  10 mana vipers
  4 manticores
  9 orc sorcerers
  6 cyclopes
  A wolf spider (Vaults:1)
  5 elephants
  3 guardian serpents
  17 naga magi
  45 black mambas
  4 vault sentinels
  Joseph (D:8)
  Psyche (D:8)
  2 spiny frogs (shapeshifter)
  4 gargoyles
  17 spiny frogs
  32 yaktaurs
  3 freezing wraiths (Vaults:1)
  A rime drake (Lair:6)
  An efreet (Volcano)
  6 komodo dragons
  A human skeleton (Vaults:1)
  A meliai (D:15)
  8 trolls
  A wind drake (shapeshifter) (D:13)
  A polar bear (Lair:5)
  12 hornets
  11 tyrant leeches
  A jumping spider (shapeshifter) (D:13)
  10 bog bodies
  36 slime creatures
  7 dream sheep
  47 saltlings
  A harpy skeleton (D:15)
  Grinder (D:4)
  18 blink frogs
  6 hippogriffs
  A centaur simulacrum (D:15)
  5 wyverns
  4 wraiths
  2 redbacks
  A spriggan (Swamp:2)
  42 yaks
  3 shadows
  4 fire elementals
  3 basilisks
  10 hogs
  2 humans
  Grum (Lair:1)
  2 hungry ghosts
  An ogre zombie (Vaults:1)
  9 wargs
  A soldier ant (D:13)
  16 swamp worms
  2 acid dragons
  35 nagas
  3 hell hounds (Orc:2)
  A floating eye (shapeshifter) (Vaults:1)
  9 porcupines
  A floating eye (D:8)
  28 orc warriors
  A slave (D:4)
  26 water moccasins
  A black bear (shapeshifter) (Vaults:1)
  4 ice beasts
  14 swamp drakes
  5 sky beasts
  4 black bears
  24 ogres
  A necrophage (D:9)
  4 phantoms
  4 boggarts (Lair:5)
  13 wolves
  6 centaurs
  18 crocodiles
  A human zombie (Vaults:2)
  3 big kobolds
  A wyvern zombie (D:13)
  19 bullfrogs
  A water moccasin zombie (D:7)
  4 scorpions
  12 wights
  3 killer bees (D:8)
  2 vampire bats (D:6)
  6 howler monkeys
  A jelly (D:6)
  5 crimson imps
  4 bullfrog zombies
  2 quasits
  9 centaur skeletons
  A gnoll shaman (D:6)
  6 hounds
  22 orc wizards
  3 centaur zombies
  10 orc priests
  A bullfrog skeleton (D:5)
  Crazy Yiuf (D:2)
  Jessica (D:2)
  6 iguanas
  Natasha (twice) (D:4)
  4 hell rats (Lair:6)
  11 worker ants
  Terence (D:2)
  A worker ant zombie (D:5)
  A howler monkey zombie (D:5)
  15 adders
  9 gnolls (D:6)
  A shadow imp (D:6)
  4 oozes
  2 adder skeletons
  4 worms (D:2)
  3 dart slugs
  5 leopard geckos
  58 orcs
  2 ball pythons (Snake:1)
  9 giant cockroaches
  8 goblins
  11 hobgoblins
  2 jackals (D:4)
  3 quokkas
  11 bats
  3 frilled lizards
  20 kobolds
  A quokka zombie (D:6)
  6 rats
  2 fungi (Lair:6)
1284 creatures vanquished.

Vanquished Creatures (collateral kills)
  Nergalle (Lair:4)
  A hornet (Swamp:4)
  2 dream sheep (Lair:4)
  2 yaks (Lair:3)
  A crocodile (Lair:4)
  A bullfrog (Lair:4)
8 creatures vanquished.

Vanquished Creatures (others)
  A frost giant (D:14)
  A deep elf annihilator (Vaults:2)
  3 anacondas (Snake:4)
  An alligator (Swamp:2)
  A shock serpent (Snake:4)
  A naga ritualist (D:13)
  An ugly thing (Vaults:1)
  A mana viper (Snake:4)
  An elephant (Lair:5)
  2 guardian serpents (Snake:4)
  2 black mambas
  A spiny frog (Swamp:2)
  A human zombie (Vaults:1)
  2 meliai (D:15)
  A blink frog (Swamp:3)
  3 hornets
  3 slime creatures
  6 yaks
  An orc warrior (Orc:2)
  A crocodile (Lair:3)
  A bullfrog (Lair:4)
  2 orc priests
  A howler monkey skeleton (D:5)
  A giant cockroach (D:4)
  A quokka (D:4)
  A leopard gecko skeleton (D:4)
  9 fungi
  13 plants
63 creatures vanquished.

Grand Total: 1355 creatures vanquished

Notes
Turn   | Place    | Note
-------+----------+-------------------------------------------
     0 | D:1      | mhoghedin the Kobold Fighter began the quest for the Orb.
     0 | D:1      | Reached XP level 1. HP: 14/14 MP: 1/1
    39 | D:1      | Reached XP level 2. HP: 18/19 MP: 2/2
    59 | D:1      | Reached skill level 2 in Maces & Flails
   178 | D:1      | Reached skill level 1 in Dodging
   209 | D:1      | Reached XP level 3. HP: 23/23 MP: 3/3
   840 | D:2      | Noticed Jessica
   847 | D:2      | Killed Jessica
   847 | D:2      | Reached XP level 4. HP: 25/29 MP: 4/4
  1043 | D:2      | Noticed Terence
  1061 | D:2      | Killed Terence
  1061 | D:2      | Reached skill level 2 in Dodging
  1061 | D:2      | Reached XP level 5. HP: 15/33 MP: 5/5
  1389 | D:2      | Reached skill level 4 in Fighting
  1389 | D:2      | Reached skill level 3 in Armour
  1389 | D:2      | Reached skill level 3 in Shields
  1739 | D:2      | Found a runed door.
  1865 | D:2      | Found a radiant altar of Vehumet.
  2150 | D:2      | Noticed Crazy Yiuf
  2159 | D:2      | Killed Crazy Yiuf
  2650 | D:3      | Reached XP level 6. HP: 22/38 MP: 6/6
  3341 | D:4      | Noticed a phantom
  3358 | D:4      | Killed a phantom
  3358 | D:4      | Reached skill level 3 in Maces & Flails
  3358 | D:4      | Reached skill level 3 in Dodging
  3504 | D:4      | Noticed Grinder
  3505 | D:4      | Noticed Natasha
  3513 | D:4      | Killed Grinder
  3513 | D:4      | Reached XP level 7. HP: 39/44 MP: 7/7
  3515 | D:4      | Killed Natasha
  3517 | D:4      | Noticed Natasha
  3529 | D:4      | Killed Natasha
  3529 | D:4      | Reached skill level 5 in Fighting
  4130 | D:4      | Reached skill level 4 in Dodging
  4281 | D:4      | Found a sparkling altar of Nemelex Xobeh.
  4340 | D:4      | Noticed Pikel
  4364 | D:4      | Reached XP level 8. HP: 33/49 MP: 8/8
  4395 | D:4      | Killed Pikel
  4395 | D:4      | Reached skill level 4 in Maces & Flails
  4395 | D:4      | Reached skill level 4 in Armour
  4395 | D:4      | Reached skill level 5 in Dodging
  4395 | D:4      | Reached skill level 4 in Shields
  4800 | D:5      | Entered Level 5 of the Dungeon
  4863 | D:5      | Reached skill level 6 in Fighting
  4863 | D:5      | Reached XP level 9. HP: 53/55 MP: 9/9
  5018 | D:5      | Noticed Edmund
  5019 | D:5      | Noticed Edmund
  5019 | D:5      | Edmund changed into Edmund the hound
  5031 | D:5      | Killed Edmund the hound
  5260 | D:5      | Found a runed gate.
  5268 | D:5      | Found a runed gate.
  5268 | D:5      | Found a runed gate.
  5269 | D:5      | Found an opulent altar of Gozag.
  5270 | D:5      | Noticed chorionicmirror's ghost (novice DsGl)
  5298 | D:5      | Reached skill level 5 in Maces & Flails
  5298 | D:5      | Reached skill level 6 in Dodging
  5312 | D:5      | HP: 12/56 [chorionicmirror's ghost (4)]
  5333 | D:5      | HP: 7/56 [chorionicmirror's ghost (11)]
  5341 | D:5      | HP: 12/56 [chorionicmirror's ghost (7)]
  5347 | D:5      | Killed chorionicmirror's ghost
  5347 | D:5      | Reached skill level 5 in Armour
  5347 | D:5      | Reached skill level 5 in Shields
  5745 | D:6      | Reached skill level 7 in Fighting
  5926 | D:6      | Reached XP level 10. HP: 57/63 MP: 10/10
  6243 | D:6      | Reached skill level 1 in Evocations
  6345 | D:6      | Reached skill level 2 in Evocations
  6369 | D:6      | Reached skill level 3 in Evocations
  6533 | D:6      | Reached skill level 4 in Evocations
  6624 | D:6      | Found a shadowy altar of Dithmenos.
  6624 | D:6      | Found an opulent altar of Gozag.
  6629 | D:6      | Found an ancient bone altar of Kikubaaqudgha.
  6662 | D:6      | Reached skill level 5 in Evocations
  7110 | D:7      | Found a staircase to the Ecumenical Temple.
  7151 | D:7      | Reached skill level 6 in Evocations
  7357 | D:7      | HP: 15/63 [hog (1)]
  7363 | D:7      | HP: 13/63 [hog (3)]
  7370 | D:7      | Reached skill level 6 in Maces & Flails
  7820 | Temple   | Entered the Ecumenical Temple
  7874 | Temple   | Became a worshipper of Elyvilon the Healer
  8656 | D:8      | Reached skill level 1 in Invocations
  8706 | D:8      | Noticed Psyche
  8728 | D:8      | Killed Psyche
  8728 | D:8      | Reached skill level 8 in Fighting
  8728 | D:8      | Reached skill level 2 in Invocations
  8982 | D:8      | Noticed a two-headed ogre
  8983 | D:8      | a two-headed ogre changed into a redback
  8989 | D:8      | Reached XP level 11. HP: 54/69 MP: 16/16
  9087 | D:8      | Reached skill level 3 in Invocations
  9158 | D:8      | Reached * piety under Elyvilon
  9277 | D:8      | Noticed a two-headed ogre
  9279 | D:8      | a two-headed ogre changed into a floating eye
  9297 | D:8      | Noticed Joseph
  9317 | D:8      | Killed Joseph
  9317 | D:8      | Reached skill level 7 in Maces & Flails
  9494 | D:9      | Found a runed gate.
  9498 | D:9      | Noticed soark's ghost (novice DECj)
  9499 | D:9      | Found a runed gate.
  9499 | D:9      | Found a runed gate.
  9499 | D:9      | Noticed an 11-headed hydra
  9549 | D:9      | Reached skill level 4 in Invocations
  9565 | D:9      | Reached skill level 9 in Fighting
  9650 | D:9      | Reached skill level 5 in Invocations
  9755 | D:9      | Found a blossoming altar of Fedhas.
  9887 | D:9      | Noticed an elephant
  9903 | D:9      | Killed an elephant
  9923 | D:9      | Reached ** piety under Elyvilon
  9925 | D:9      | Found a staircase to the Lair.
 10415 | Lair:1   | Entered Level 1 of the Lair of Beasts
 10532 | D:9      | Reached skill level 8 in Maces & Flails
 10745 | D:10     | Entered Level 10 of the Dungeon
 10778 | Lair:1   | Reached skill level 6 in Invocations
 10912 | Lair:1   | Reached skill level 10 in Fighting
 10945 | Lair:1   | HP: 15/72 [yak (8)]
 10964 | Lair:1   | Reached XP level 12. HP: 32/77 MP: 15/17
 11408 | Lair:1   | Noticed Grum
 11433 | Lair:1   | Killed Grum
 11433 | Lair:1   | Reached skill level 7 in Invocations
 11960 | Lair:1   | Noticed Sonja
 11962 | Lair:1   | Killed Sonja
 12278 | Lair:1   | Reached *** piety under Elyvilon
 12396 | Lair:2   | Reached skill level 9 in Maces & Flails
 12615 | Lair:2   | Got a shimmering ivory ring
 12629 | Lair:2   | Identified the ring of Poavoeli {rPois rN+ Str+2 Dex-4}
                  | (You found it on level 2 of the Lair of Beasts)
 13082 | Lair:3   | Reached skill level 11 in Fighting
 13100 | Lair:3   | Reached **** piety under Elyvilon
 13155 | Lair:3   | Reached skill level 8 in Invocations
 13166 | Lair:3   | Noticed a seven-headed hydra
 13168 | Lair:3   | Pacified a seven-headed hydra
 13650 | Lair:3   | Got a glittering steel ring
 13651 | Lair:3   | Identified the cursed ring of Yschihev {*Slow rPois rC+
                  | Int-2} (You found it on level 3 of the Lair of Beasts)
 13756 | Lair:3   | Found a staircase to the Snake Pit.
 14137 | Lair:4   | Noticed a six-headed hydra
 14138 | Lair:4   | Pacified a six-headed hydra
 14402 | Lair:4   | Noticed Kirke
 14530 | Lair:4   | Reached skill level 9 in Invocations
 14604 | Lair:4   | Reached XP level 13. HP: 68/85 MP: 19/19
 14667 | Lair:4   | Reached skill level 10 in Maces & Flails
 14809 | Lair:4   | Noticed Nergalle
 14821 | Lair:4   | Killed Nergalle
 14938 | Lair:4   | Reached skill level 12 in Fighting
 15843 | Lair:4   | Reached skill level 1 in Crossbows
 15875 | Lair:4   | Reached skill level 2 in Crossbows
 15988 | Lair:4   | Reached skill level 3 in Crossbows
 16013 | Lair:4   | Killed Kirke
 16013 | Lair:4   | Reached skill level 5 in Crossbows
 16268 | Lair:4   | Reached skill level 6 in Crossbows
 16313 | Lair:4   | Found a staircase to the Swamp.
 16613 | Lair:5   | Reached skill level 7 in Crossbows
 16738 | Lair:5   | Reached skill level 8 in Crossbows
 16754 | Lair:5   | Reached ***** piety under Elyvilon
 16787 | Lair:5   | HP: 19/86 [elephant (15)]
 17042 | Lair:5   | Noticed a seven-headed hydra
 17043 | Lair:5   | Noticed a four-headed hydra
 17047 | Lair:5   | Killed a seven-headed hydra
 17047 | Lair:5   | Reached skill level 9 in Crossbows
 17049 | Lair:5   | Killed a four-headed hydra
 17148 | Lair:5   | Found a dark tunnel.
 17171 | Volcano  | Entered a volcano
 17337 | Volcano  | Reached skill level 10 in Crossbows
 17497 | Volcano  | Noticed a stone giant
 17514 | Lair:5   | HP: 21/86 [fire elemental (5)]
 17963 | Lair:5   | Gained mutation: Scrolls take you a little longer to read.
                  | [potion of mutation]
 17963 | Lair:5   | Gained mutation: You are agile. (Dex +2) [potion of
                  | mutation]
 17963 | Lair:5   | Gained mutation: Your spells are a little harder to cast,
                  | but a little more powerful. [potion of mutation]
 17995 | Lair:5   | Lost mutation: Scrolls take you a little longer to read.
                  | [potion of mutation]
 17995 | Lair:5   | Lost mutation: Your spells are a little harder to cast, but
                  | a little more powerful. [potion of mutation]
 17995 | Lair:5   | Lost mutation: You are agile. (Dex +2) [potion of mutation]
 17995 | Lair:5   | Gained mutation: Your mind is acute. (Int +2) [potion of
                  | mutation]
 17995 | Lair:5   | Gained mutation: Your mind is very acute. (Int +4) [potion
                  | of mutation]
 17996 | Lair:5   | Lost mutation: Your mind is very acute. (Int +4) [potion of
                  | mutation]
 17996 | Lair:5   | Lost mutation: Your mind is acute. (Int +2) [potion of
                  | mutation]
 17996 | Lair:5   | Gained mutation: You are partially covered in rugged brown
                  | scales. (AC +1, +3% HP) [potion of mutation]
 17996 | Lair:5   | Gained mutation: You expend magic power (3 MP) to
                  | strengthen your wands. [potion of mutation]
 18312 | Lair:5   | Found a runed door.
 18312 | Lair:5   | Found a viscous altar of Jiyva.
 18312 | Lair:5   | Found a staircase to the Slime Pits.
 18312 | Lair:5   | Noticed an azure jelly
 18338 | Lair:6   | Entered Level 6 of the Lair of Beasts
 18368 | Lair:6   | Reached skill level 10 in Invocations
 18399 | Lair:6   | Reached XP level 14. HP: 69/94 MP: 18/21
 18569 | Lair:6   | Reached skill level 11 in Crossbows
 18735 | Lair:6   | Reached skill level 11 in Invocations
 18738 | Lair:6   | HP: 20/94 [death yak (8)]
 18746 | Lair:5   | HP: 1/94 [komodo dragon (22)]
 19899 | Lair:6   | HP: 21/94 [dream sheep (19)]
 20817 | Lair:6   | Reached skill level 11 in Maces & Flails
 20826 | Lair:6   | HP: 21/94 [yak (11)]
 22168 | D:10     | Found Valyn's Antique Weapon Shoppe.
 22168 | D:10     | Found Wuimuulu's Food Shoppe.
 22174 | D:10     | Found Vilyh's Antique Weapon Shoppe.
 22175 | D:10     | Found Onoi's Armour Shoppe.
 22194 | D:10     | Bought the +2 plate armour of Qimny {rCorr Str+3} for 778
                  | gold pieces
 22205 | D:10     | Bought a +0 helmet of see invisible for 172 gold pieces
 22335 | D:10     | Found Vaiziu's Antique Armour Shop.
 23325 | D:11     | Reached skill level 12 in Crossbows
 23388 | D:11     | Reached skill level 7 in Dodging
 23779 | D:12     | Found Peasch's Food Shoppe.
 23873 | D:12     | HP: 25/117 [phantasmal warrior[a death knight] (25)]
 23874 | D:12     | HP: 8/117 [phantasmal warrior[a death knight] (17)]
 24030 | D:12     | HP: 11/94 [phantasmal warrior[a death knight] (24)]
 24031 | D:12     | Elyvilon protects you from harm!
 24032 | D:12     | HP: 4/94 [phantasmal warrior[a death knight] (5)]
 24118 | D:12     | HP: 12/94 [skeletal warrior/stone[a death knight] (13)]
 24137 | D:12     | HP: 16/94 [skeletal warrior/hand axe of chopping[a death
                  | knight] (14)]
 24481 | D:12     | Reached XP level 15. HP: 79/99 MP: 23/23
 24562 | D:12     | Found a staircase to the Orcish Mines.
 25164 | D:12     | Reached skill level 6 in Armour
 25860 | D:13     | Reached skill level 8 in Dodging
 26162 | D:13     | Found Etusuth's Serpentskin Sales.
 26165 | D:13     | Reached skill level 12 in Maces & Flails
 26779 | D:14     | Noticed a tengu reaver
 26788 | D:14     | Killed a tengu reaver
 27013 | D:14     | Noticed Nessos
 27016 | D:14     | Killed Nessos
 27636 | D:14     | Reached skill level 13 in Fighting
 27660 | D:14     | Reached skill level 13 in Crossbows
 27660 | D:14     | Reached skill level 9 in Dodging
 27680 | D:14     | Paralysed by an orc sorcerer for 3 turns
 28101 | D:14     | Got a heavily runed shield
 28123 | D:14     | Found a gate to the Vaults.
 28236 | D:14     | Found a glowing silver altar of Zin.
 28309 | D:14     | Noticed a fire giant
 28309 | D:14     | Noticed a frost giant
 28310 | D:14     | Found a runed door.
 28329 | D:14     | Killed a fire giant
 28329 | D:14     | Reached skill level 7 in Armour
 28338 | D:14     | Got a flickering tin ring
 28342 | D:14     | Identified the +1 shield of Byupiah {Int-2 Dex+6} (You took
                  | it off an orc sorcerer on level 14 of the Dungeon)
 28343 | D:14     | Identified the cursed ring "Zotiv" {AC-2 Int+10} (You found
                  | it on level 14 of the Dungeon)
 28644 | D:15     | Entered Level 15 of the Dungeon
 28739 | D:15     | Got an encrusted chain mail
 28770 | D:15     | Identified the +11 chain mail "Ruvop" {rElec Str+4} (You
                  | found it on level 15 of the Dungeon)
 28985 | D:15     | Reached XP level 16. HP: 107/107 MP: 24/24
 29040 | D:15     | Found a staircase to the Depths.
 29156 | D:15     | HP: 25/107 [meliai/divine providence (13)]
 29720 | Orc:1    | Entered Level 1 of the Orcish Mines
 30135 | Swamp:1  | Entered Level 1 of the Swamp
 30694 | Swamp:1  | Reached skill level 14 in Crossbows
 30874 | Swamp:1  | HP: 24/107 [shambling mangrove (10)]
 30877 | Swamp:1  | HP: 9/107 [hornet[a shambling mangrove] (3)]
 30888 | Swamp:1  | HP: 26/107 [poisoned by a hornet]
 30893 | Swamp:1  | HP: 25/107 [poisoned by a hornet]
 30900 | Swamp:1  | HP: 25/107 [poisoned by a hornet]
 30908 | Swamp:1  | HP: 25/107 [poisoned by a hornet]
 31299 | Swamp:1  | Reached skill level 12 in Invocations
 31613 | Swamp:1  | Reached skill level 10 in Dodging
 33088 | Swamp:3  | HP: 16/108 [bog body (14)]
 33418 | Swamp:3  | Reached skill level 8 in Armour
 33686 | Swamp:2  | Upgraded the game from 0.23-a0-207-g93a313e to
                  | 0.23-a0-261-g133332c
 33739 | Swamp:3  | Got a ripped robe
 33768 | Swamp:3  | Identified the +1 robe of Vorasio {rElec rN+ Int+4} (You
                  | found it on level 3 of the Swamp)
 33852 | Swamp:3  | Reached XP level 17. HP: 85/113 MP: 22/26
 34430 | Swamp:3  | Reached skill level 13 in Maces & Flails
 34618 | Swamp:4  | Entered Level 4 of the Swamp
 34820 | Swamp:4  | Reached skill level 14 in Fighting
 35510 | Swamp:4  | Reached skill level 11 in Dodging
 35564 | Swamp:4  | Noticed a thorn hunter
 35565 | Swamp:4  | HP: 9/114 [thorn hunter/volley of thorns (29)]
 36875 | D:10     | Bought a runed morningstar for 217 gold pieces
 37906 | Orc:2    | Entered Level 2 of the Orcish Mines
 37913 | Orc:2    | Found a staircase to the Elven Halls.
 38018 | Orc:2    | Reached ****** piety under Elyvilon
 38052 | Orc:2    | Noticed Azrael
 38060 | Orc:2    | Killed Azrael
 38557 | Orc:2    | Found Nenwetosch's General Store.
 39108 | Orc:2    | Found Wicuem's Jewellery Shop.
 39110 | Orc:2    | Found Caotoog's Book Emporium.
 39116 | Orc:2    | Found Seuxeot's General Store.
 39512 | Snake:1  | Entered Level 1 of the Snake Pit
 39919 | Snake:1  | Found a runed gate.
 39919 | Snake:1  | Found a runed gate.
 39919 | Snake:1  | Found a runed gate.
 39951 | Snake:1  | HP: 28/115 [poisoned by a black mamba]
 40149 | Snake:1  | Noticed Roxanne
 41168 | Snake:1  | Reached skill level 9 in Armour
 41173 | Snake:1  | HP: 27/115 [anaconda (4)]
 41178 | Snake:1  | Reached skill level 12 in Dodging
 41179 | Snake:1  | HP: 14/115 [sea snake (6)]
 41740 | Snake:2  | Reached XP level 18. HP: 83/120 MP: 27/27
 42049 | Snake:2  | Got a crystal hand axe
 42050 | Snake:2  | Identified the cursed +1 hand axe of the Gloaming {flame,
                  | MR+} (You found it on level 2 of the Snake Pit)
 42770 | Snake:2  | Found a basalt altar of Yredelemnul.
 42825 | Snake:3  | Reached skill level 15 in Crossbows
 43309 | Snake:3  | Got a heavy robe
 43574 | Snake:3  | Reached skill level 16 in Crossbows
 43758 | Snake:3  | Found Qohid's Jewellery Shoppe.
 43758 | Snake:3  | Found Pujanusk's Gadget Shop.
 43759 | Snake:3  | Found Quutu's Gadget Shop.
 43946 | Snake:4  | Entered Level 4 of the Snake Pit
 44311 | Snake:4  | Noticed Agnes
 44325 | Snake:4  | Killed Agnes
 44692 | Snake:4  | Reached skill level 17 in Crossbows
 44702 | Snake:4  | Noticed Vashnia
 44743 | Snake:4  | Killed Vashnia
 44960 | Snake:4  | Reached skill level 18 in Crossbows
 45392 | Snake:4  | Reached XP level 19. HP: 126/126 MP: 28/28
 45555 | Snake:4  | Reached skill level 15 in Fighting
 45945 | Snake:4  | Reached skill level 13 in Dodging
 45953 | Snake:4  | Noticed Asterion
 45965 | Snake:4  | Killed Asterion
 46190 | Snake:4  | Reached skill level 10 in Armour
 46190 | Snake:4  | Reached skill level 13 in Invocations
 46801 | Snake:4  | Got a serpentine rune of Zot
 47291 | Orc:1    | Found Kapsif's Antique Armour Boutique.
 47316 | Orc:1    | Bought the -2 hat of the Alchemist {rElec rPois rF+ rC+ rN+
                  | MR+ rMut rCorr} for 896 gold pieces
 47316 | Orc:1    | Bought a transparent plate armour for 532 gold pieces
 47316 | Orc:1    | Bought a pitted chain mail for 180 gold pieces
 47316 | Orc:1    | Found the -2 hat of the Alchemist {rElec rPois rF+ rC+ rN+
                  | MR+ rMut rCorr}
 47316 | Orc:1    | Identified the +2 chain mail of the Armoured One {*Drain
                  | rPois Regen+} (You bought it in a shop on level 1 of the
                  | Orcish Mines)
 47317 | Orc:1    | Identified the +1 plate armour of Amelioration {rN+ Int+4}
                  | (You bought it in a shop on level 1 of the Orcish Mines)
 47938 | Swamp:4  | Got a decaying rune of Zot
 48469 | Elf:1    | Entered Level 1 of the Elven Halls
 48669 | Orc:2    | Identified a scroll of acquirement
 48672 | Orc:2    | Got a smoking marble ring
 48674 | Orc:2    | Identified the ring "Riurul" {rF- Str+4 Stlth+} (You
                  | acquired it on level 2 of the Orcish Mines)
 48853 | Vaults:1 | Entered Level 1 of the Vaults
 48979 | Vaults:1 | Reached XP level 20. HP: 80/134 MP: 30/30
 49186 | Vaults:1 | Reached skill level 16 in Fighting
 49373 | Orc:2    | Bought an uncursed ring of see invisible for 225 gold
                  | pieces
 49697 | Vaults:1 | Reached skill level 14 in Dodging
 50120 | Vaults:1 | Paralysed by a floating eye for 4 turns
 50323 | Vaults:1 | Noticed a tentacled monstrosity
 50511 | Vaults:1 | Killed a tentacled monstrosity
 50694 | Vaults:1 | Reached skill level 14 in Invocations
 50932 | Vaults:1 | Reached skill level 11 in Armour
 51997 | Vaults:2 | Noticed an Ice Fiend
 52435 | Vaults:2 | Reached XP level 21. HP: 141/141 MP: 31/31
 52839 | Vaults:2 | Reached skill level 15 in Dodging
 52852 | Vaults:2 | Reached skill level 19 in Crossbows
 54108 | Vaults:3 | Noticed Mara
 54115 | Vaults:3 | Noticed mhoghedin's illusion
 54134 | Vaults:3 | HP: 28/142 [mhoghedin's illusion[Mara] (16)]
 54136 | Vaults:3 | Killed Mara
 54136 | Vaults:3 | Reached skill level 17 in Fighting
 54338 | Vaults:3 | Found a ruined gateway.
 54346 | Desolati | Entered the Desolation of Salt
 54421 | Desolati | Reached skill level 15 in Invocations
 55153 | Desolati | HP: 31/143 [crystal guardian/crystal bolt (21)]
 55302 | Desolati | Reached skill level 12 in Armour
 55375 | Desolati | Got a pitted copper ring
 55376 | Desolati | Identified the ring of Luefaezo {rElec rF+ Str+3 SInv} (You
                  | took it off an ironbrand convoker in the Desolation of
                  | Salt)
 55397 | Desolati | Identified the Grimoire of Destructive Dislocation
 55406 | Desolati | Identified the Catalogue of the Blaze and Beguiling
 55409 | Desolati | Got a slimy lead ring
 55411 | Desolati | Identified the ring "Reshrish" {rC+ Str+2 SInv} (You found
                  | it in the Desolation of Salt)
 55473 | Desolati | HP: 40/184 [battleaxe of electrocution[a halazid warlock]
                  | (39)]
 55474 | Desolati | HP: 15/184 [halberd of venom[a halazid warlock] (16)]
 55479 | Desolati | HP: 31/184 [halberd of venom[a halazid warlock] (20)]
 55481 | Desolati | HP: 5/184 [halberd of venom[a halazid warlock] (18)]
 55482 | Desolati | Mangled by a halberd of venom

Vault maps used:
D:1:      minmay_arrival_doors, kennysheep_decorative_pillar,
          minmay_strange_pillars
D:2:      minmay_door_path, lemuel_coloured_pillars_altar,
          uniq_crazy_yiuf_cottage, uniq_terence, uniq_jessica
D:4:      kennysheep_mini, first_ration, uniq_natasha, uniq_grinder, uniq_pikel
D:5:      ebering_ghost_gozag, uniq_edmund
D:6:      nicolae_overflow_hidden_temple, roderic_batcave
D:7:      minmay_temple_entry_large_hall, minmay_misc_feat_chi, grunt_livestock
D:8:      uniq_joseph, uniq_psyche
D:9:      fedhas_altar_2, david_lair_generic, gammafunk_ghost_hydra_chop,
          minmay_misc_feat_pillars
D:10:     serial_shops, shop, minmay_shop_grid_forest
D:12:     erik_orc_3, serial_shops, shop, spider_trap, hex_tiny
D:13:     guppyfry_shop_venom
D:14:     minmay_textured_paths, grunt_vaults_entry_fortified,
          old_standard_altar, kennysheep_treasure_room, uniq_nessos
D:15:     grunt_enter_depths_magical_seal, minivault_26
Temple:   nicolae_temple_elliptical
Lair:1:   lemuel_fruit_tree, uniq_grum, uniq_sonja
Lair:2:   infiniplex_staircase_pool
Lair:3:   minmay_snake_entry_spellcaster
Lair:4:   minmay_swamp_entry_worms, uniq_nergalle, uniq_kirke
Lair:5:   slime_altar_2, portal_ice_cave_entry_pillars_1,
          nicolae_volcano_entry_two_sided, kilobyte_rumbling_trees,
          grunt_megastairs_3
Lair:6:   evilmike_catoblepas_cave, lab_entry_generic, grunt_megastairs_4
Swamp:1:  evilmike_swamp_ruin_house_2, swamp_pool2
Swamp:2:  nicolae_swamp_trees_clearing, swamp_pool3, hangedman_swamp_cone,
          hangedman_swamp_diagram
Swamp:3:  evilmike_swamp_ruin_rubble_2, swamp_pool3
Swamp:4:  swamp_basic_johnstein, nicolae_swamp_fairy_circle
Snake:1:  nicolae_snake_horde_hoard, grunt_megastairs_1, uniq_roxanne
Snake:2:  basic_altar
Snake:3:  minmay_shop_grove
Snake:4:  snake_pit_salamanders_mu, uniq_agnes, uniq_vashnia, uniq_asterion
Orc:1:    serial_shops, shop
Orc:2:    st_orc_elflike, nicolae_orc_rockfall, uniq_azrael
Elf:1:    eino_elf_arrival_the_gate, evilmike_minifort
Vaults:1: v_alt_pattern_1, nicolae_vaults_what_the_h, v_rooms_6,
          vaults_mumra_hex, nicolae_vaults_ninety_degrees,
          nicolae_vaults_little_squares_4, ontoclasm_vaults_bender,
          vaults_room_stairs_pillars, st_quartered_hall,
          nicolae_vaults_ring_of_whatevers, nicolae_vaults_hallways_thing,
          nicolae_vaults_alarming, nicolae_vaults_mini_display_case
Vaults:2: vaults_standard_mumra_enter_the_diamond, vaults_room_door_ring,
          nicolae_vaults_an_arrangement, ontoclasm_vaults_idyll, v_pattern_2,
          v_misc_26, dpeg_vaults_monster_box, v_misc_2, vaults_mumra_minichess
Vaults:3: minmay_crypt_entry_simple_walls, v_pattern_4, vaults_room_door_hall,
          v_misc_17, vaults_room_large_hall, vaults_dpeg_ring,
          nicolae_vaults_little_squares_6, nicolae_vaults_shelves_hall,
          serial_ice_m, portal_desolation_entry_salt, uniq_mara, uniq_jory
Volcano:  volcano_pools

Skill      XL: |  1  2  3  4  5  6  7  8  9 10 11 12 13 14 15 16 17 18 19 20 21 |
---------------+----------------------------------------------------------------+-----
Maces & Flails | 2 3 4 5 6 8 9 10 11 12 13 | 13.7
Dodging        | 1 2 3 4 5 6 7 9 10 12 13 14 15 | 15.8
Fighting       | 4 5 6 7 8 10 11 12 13 14 15 16 17 | 17.3
Armour         | 3 4 5 7 8 9 10 11 12 | 12.0
Shields        | 3 4 5 |  5.5
Evocations     | 6 |  6.7
Invocations    | 2 6 9 10 11 12 13 14 15 | 15.3
Crossbows      | 10 12 13 14 18 19 | 19.5

Action                   |  1- 3 |  4- 6 |  7- 9 | 10-12 | 13-15 | 16-18 | 19-21 || total
-------------------------+-------+-------+-------+-------+-------+-------+-------++-------
Melee: Flail             |    67 |   186 |   352 |   939 |   121 |       |       ||  1665
       Morningstar       |       |       |       |       |   461 |   570 |       ||  1031
 Fire: Triple crossbow   |       |       |       |       |   470 |       |    27 ||   497
       Arbalest          |       |       |       |       |    77 |   803 |  1293 ||  2173
Invok: Lesser Healing    |       |       |       |     2 |       |       |       ||     2
       Heal Other        |       |       |       |     8 |    22 |    18 |    24 ||    72
       Greater Healing   |       |       |       |       |     7 |     8 |     6 ||    21
       Divine Protection |       |       |       |       |     3 |     2 |       ||     5
       Divine Vigour     |       |       |       |       |     2 |     1 |     2 ||     5
       Purification      |       |       |       |       |     1 |       |       ||     1
 Abil: Evoke Berserk Rag |       |       |       |     9 |       |       |       ||     9
Evoke: Wand              |       |       |     1 |    23 |    21 |    38 |     8 ||    91
       Box of beasts     |       |       |       |       |     2 |       |     1 ||     3
       Fan of gales      |       |       |       |       |       |       |     1 ||     1
       Lamp of fire      |       |       |       |       |       |       |     1 ||     1
  Use: Scroll            |     5 |     6 |     2 |    12 |    28 |    23 |     9 ||    85
       Potion            |       |     1 |     8 |     2 |     8 |     4 |     5 ||    28
 Stab: Paralysed         |       |       |       |       |     9 |       |       ||     9
  Eat: Chunk             |     1 |     7 |    14 |    42 |    28 |    12 |    14 ||   118
       Ration            |       |       |     1 |       |    15 |    25 |    16 ||    57
Armor: Scale mail        |    25 |    72 |   109 |   326 |   191 |       |       ||   723
       Plate armour      |       |       |       |       |   257 |       |       ||   257
       Chain mail        |       |       |       |       |    19 |   638 |   244 ||   901
Dodge: Dodged            |    19 |    81 |   167 |   510 |   626 |   773 |   639 ||  2815
       Deflected         |       |       |     1 |     9 |    13 |    48 |    83 ||   154
Block: Shield            |    30 |    92 |   208 |   511 |    10 |    69 |       ||   920

Table legend:
 A = Non-vault XP
 B = Vault XP
 C = Vault XP percentage of total XP
 D = Non-vault monster count
 E = Vault monster count
 F = Vault count percentage of total count
                 A         B        C        D         E       F
            +---------+---------+-------+---------+---------+-------
      Total |  240051 |  244416 |  50.5 |     852 |     447 |  34.4
            +---------+---------+-------+---------+---------+-------
        D:1 |      52 |       0 |   0.0 |      22 |       0 |   0.0
        D:2 |      82 |     111 |  57.5 |      23 |       5 |  17.9
        D:3 |      81 |       0 |   0.0 |      12 |       0 |   0.0
        D:4 |     578 |     910 |  61.2 |      16 |       3 |  15.8
        D:5 |     670 |     819 |  55.0 |      23 |       4 |  14.8
        D:6 |    1578 |     118 |   7.0 |      35 |       7 |  16.7
        D:7 |     534 |     937 |  63.7 |      17 |       5 |  22.7
        D:8 |    1442 |     863 |  37.4 |      22 |       2 |   8.3
        D:9 |    3473 |     970 |  21.8 |      44 |       4 |   8.3
       D:10 |    2596 |       0 |   0.0 |      29 |       0 |   0.0
       D:11 |    2395 |       0 |   0.0 |      24 |       0 |   0.0
       D:12 |   11973 |     756 |   5.9 |      42 |      17 |  28.8
       D:13 |    6367 |       0 |   0.0 |      24 |       0 |   0.0
       D:14 |    4045 |   17090 |  80.9 |      21 |      20 |  48.8
       D:15 |    7056 |    4845 |  40.7 |      18 |      10 |  35.7
     Lair:1 |    4431 |    1352 |  23.4 |      23 |       5 |  17.9
     Lair:2 |     497 |       0 |   0.0 |       4 |       0 |   0.0
     Lair:3 |    2990 |     388 |  11.5 |      18 |       2 |  10.0
     Lair:4 |    5576 |    3149 |  36.1 |      30 |       7 |  18.9
     Lair:5 |    7040 |    1918 |  21.4 |      25 |      11 |  30.6
     Lair:6 |    4966 |   12020 |  70.8 |      23 |      23 |  50.0
    Swamp:1 |   16239 |       0 |   0.0 |      35 |       0 |   0.0
    Swamp:2 |    8431 |       0 |   0.0 |      22 |       0 |   0.0
    Swamp:3 |   11159 |       0 |   0.0 |      32 |       0 |   0.0
    Swamp:4 |    3082 |   17182 |  84.8 |      11 |      28 |  71.8
    Snake:1 |    7887 |   13056 |  62.3 |      14 |      35 |  71.4
    Snake:2 |   13885 |       0 |   0.0 |      24 |       0 |   0.0
    Snake:3 |   19921 |       0 |   0.0 |      40 |       0 |   0.0
    Snake:4 |   20600 |   51480 |  71.4 |      37 |      61 |  62.2
      Orc:1 |    2459 |       0 |   0.0 |      10 |       0 |   0.0
      Orc:2 |    1541 |   10755 |  87.5 |       8 |      31 |  79.5
      Elf:1 |    1286 |    1070 |  45.4 |       2 |       2 |  50.0
   Vaults:1 |   31598 |   29182 |  48.0 |      63 |      44 |  41.1
   Vaults:2 |   33174 |   27357 |  45.2 |      58 |      43 |  42.6
   Vaults:3 |     367 |   10610 |  96.7 |       1 |       5 |  83.3
    Volcano |       0 |     956 | 100.0 |       0 |       3 | 100.0
 Desolation |       0 |   36522 | 100.0 |       0 |      70 | 100.0
            +---------+---------+-------+---------+---------+-------

Vault maps used:
D:1:      minmay_arrival_doors, kennysheep_decorative_pillar,
          minmay_strange_pillars
D:2:      minmay_door_path, lemuel_coloured_pillars_altar,
          uniq_crazy_yiuf_cottage, uniq_terence, uniq_jessica
D:4:      kennysheep_mini, first_ration, uniq_natasha, uniq_grinder, uniq_pikel
D:5:      ebering_ghost_gozag, uniq_edmund
D:6:      nicolae_overflow_hidden_temple, roderic_batcave
D:7:      minmay_temple_entry_large_hall, minmay_misc_feat_chi, grunt_livestock
D:8:      uniq_joseph, uniq_psyche
D:9:      fedhas_altar_2, david_lair_generic, gammafunk_ghost_hydra_chop,
          minmay_misc_feat_pillars
D:10:     serial_shops, shop, minmay_shop_grid_forest
D:12:     erik_orc_3, serial_shops, shop, spider_trap, hex_tiny
D:13:     guppyfry_shop_venom
D:14:     minmay_textured_paths, grunt_vaults_entry_fortified,
          old_standard_altar, kennysheep_treasure_room, uniq_nessos
D:15:     grunt_enter_depths_magical_seal, minivault_26
Temple:   nicolae_temple_elliptical
Lair:1:   lemuel_fruit_tree, uniq_grum, uniq_sonja
Lair:2:   infiniplex_staircase_pool
Lair:3:   minmay_snake_entry_spellcaster
Lair:4:   minmay_swamp_entry_worms, uniq_nergalle, uniq_kirke
Lair:5:   slime_altar_2, portal_ice_cave_entry_pillars_1,
          nicolae_volcano_entry_two_sided, kilobyte_rumbling_trees,
          grunt_megastairs_3
Lair:6:   evilmike_catoblepas_cave, lab_entry_generic, grunt_megastairs_4
Swamp:1:  evilmike_swamp_ruin_house_2, swamp_pool2
Swamp:2:  nicolae_swamp_trees_clearing, swamp_pool3, hangedman_swamp_cone,
          hangedman_swamp_diagram
Swamp:3:  evilmike_swamp_ruin_rubble_2, swamp_pool3
Swamp:4:  swamp_basic_johnstein, nicolae_swamp_fairy_circle
Snake:1:  nicolae_snake_horde_hoard, grunt_megastairs_1, uniq_roxanne
Snake:2:  basic_altar
Snake:3:  minmay_shop_grove
Snake:4:  snake_pit_salamanders_mu, uniq_agnes, uniq_vashnia, uniq_asterion
Orc:1:    serial_shops, shop
Orc:2:    st_orc_elflike, nicolae_orc_rockfall, uniq_azrael
Elf:1:    eino_elf_arrival_the_gate, evilmike_minifort
Vaults:1: v_alt_pattern_1, nicolae_vaults_what_the_h, v_rooms_6,
          vaults_mumra_hex, nicolae_vaults_ninety_degrees,
          nicolae_vaults_little_squares_4, ontoclasm_vaults_bender,
          vaults_room_stairs_pillars, st_quartered_hall,
          nicolae_vaults_ring_of_whatevers, nicolae_vaults_hallways_thing,
          nicolae_vaults_alarming, nicolae_vaults_mini_display_case
Vaults:2: vaults_standard_mumra_enter_the_diamond, vaults_room_door_ring,
          nicolae_vaults_an_arrangement, ontoclasm_vaults_idyll, v_pattern_2,
          v_misc_26, dpeg_vaults_monster_box, v_misc_2, vaults_mumra_minichess
Vaults:3: minmay_crypt_entry_simple_walls, v_pattern_4, vaults_room_door_hall,
          v_misc_17, vaults_room_large_hall, vaults_dpeg_ring,
          nicolae_vaults_little_squares_6, nicolae_vaults_shelves_hall,
          serial_ice_m, portal_desolation_entry_salt, uniq_mara, uniq_jory
Volcano:  volcano_pools

Table legend:
 A = Turns spent in this place as a percentage of turns spent in the entire game.
 B = Non-inter-level travel turns spent in this place as a percentage of non-inter-level travel turns spent in the entire game.
 C = Inter-level travel turns spent in this place as a percentage of turns spent in this place.
 D = Turns resting spent in this place as a percentage of non-inter-level travel turns spent in this place.
 E = Turns spent auto-exploring this place as a percentage of non-inter-level travel turns spent in this place.
 F = Non-inter-level travel turns spent in this place divided by the number of levels of this place that you've seen.
                   A       B       C       D       E      F
               +-------+-------+-------+-------+-------+----------------------
         Total | 100.0 | 100.0 |   8.7 |  34.5 |  44.3 | 1333.2
       Dungeon |  38.4 |  37.2 |  11.4 |  31.7 |  48.0 | 1257.1
        Temple |   0.1 |   0.1 |  43.0 |   0.0 |  95.6 |  45.0
          Lair |  19.9 |  19.4 |  11.1 |  39.0 |  41.8 | 1636.0
         Swamp |  11.4 |  11.7 |   6.4 |  38.2 |  44.0 | 1485.2
     Snake Pit |  13.6 |  14.3 |   4.1 |  39.9 |  37.5 | 1812.2
  Orcish Mines |   4.6 |   4.6 |   9.1 |  40.9 |  40.7 | 1168.0
   Elven Halls |   0.0 |   0.0 |   4.5 |   0.0 |   4.8 |  21.0
        Vaults |   9.2 |   9.7 |   3.5 |  21.0 |  51.2 | 1640.3
       Volcano |   0.6 |   0.7 |   0.0 |  68.4 |   2.6 | 342.0
    Desolation |   2.0 |   2.2 |   0.0 |  24.6 |  38.8 | 1136.0
               +-------+-------+-------+-------+-------+----------------------

Table legend:
 A = Kills in this place as a percentage of kills in entire the game.
 B = Kills by you in this place as a percentage of kills by you in the entire game.
 C = Kills by friends in this place as a percentage of kills by friends in the entire game.
 D = Other kills in this place as a percentage of other kills in the entire game.
 E = Experience gained in this place as a percentage of experience gained in the entire game.
 F = Experience gained in this place divided by the number of levels of this place that you have seen.
                   A       B       C       D       E      F
               +-------+-------+-------+-------+-------+----------------------
         Total | 100.0 | 100.0 | 100.0 | 100.0 | 100.0 | 12749.1
       Dungeon |  34.6 |  34.9 |   0.0 |  20.0 |  14.5 | 4689.4
          Lair |  13.2 |  12.6 |  87.5 |  30.0 |   9.1 | 7387.8
         Swamp |   9.9 |   9.8 |  12.5 |  20.0 |  11.6 | 14023.2
     Snake Pit |  16.2 |  16.4 |   0.0 |  10.0 |  26.2 | 31707.2
  Orcish Mines |   3.8 |   3.8 |   0.0 |   0.0 |   3.0 | 7377.5
   Elven Halls |   0.3 |   0.3 |   0.0 |   0.0 |   0.5 | 2356.0
        Vaults |  16.5 |  16.5 |   0.0 |  20.0 |  27.3 | 44096.0
       Volcano |   0.2 |   0.2 |   0.0 |   0.0 |   0.2 | 956.0
    Desolation |   5.4 |   5.5 |   0.0 |   0.0 |   7.5 | 36522.0
               +-------+-------+-------+-------+-------+----------------------
